AoeStats
← Marcus Aurelius

Coastal Forest

510645512Analyzed
4v4 RM · 1d ago on Oct 2, 2026· 23m 40s· 8 players
Game mode
Random Map
Map size
Large (8 player)
Population
200
Speed
Normal
Resources
Standard
Victory
Conquest
Starting age
Dark Age
Ending age
Imperial Age
RankedLock teamsTeams togetherTeam positionsShared explorationLock speedFull tech treeHidden civsTurbo modeCheats
Victory
Defeat
🇺🇸 Varangians · United States
1056
+16
🇺🇸 Saxons · United States
1044
+17
🇺🇸 Teutons · United States
1036
+17
🇺🇸 Italians · United States
1016
+18
🇺🇸 Persians · United States
1104
-19
🇨🇴 Goths · Colombia
1090
-18
🇦🇺 Italians · Australia
1043
-16
🇿🇦 Chinese · South Africa
1003
-15
cricket62
12:42 Feudal Age
14:32 Double-Bit Axe
21:30 Castle Age
21:16 Bloodlines
21:53 Scale Barding Armor
22:02 Forging
22:11 Scale Barding Armor
tenduril
9:54 Feudal Age
10:16 Man-at-Arms
12:27 Double-Bit Axe
17:01 Horse Collar
23:31 Forging
26:20 Castle Age
DoughBoy
9:06 Loom
14:13 Feudal Age
23:02 Castle Age
Spaghetti
0:31 Loom
12:25 Feudal Age
Irianas
10:55 Feudal Age
11:46 Double-Bit Axe
11:43 Horse Collar
13:46 Gold Mining
Marcus Aurelius
7:17 Loom
15:59 Feudal Age
Aquillo
8:29 Loom
10:51 Feudal Age
13:09 Wheelbarrow
CockandBalls
0:27 Loom
12:14 Feudal Age
13:41 Horse Collar
15:12 Wheelbarrow
14:48 Double-Bit Axe
16:19 Stone Mining
18:50 Castle Age
17:37 Fletching
17:59 Forging
17:55 Scale Barding Armor
Connection lost

Rejoining the realm…

Still unreachable

The connection could not be restored.

Session expired

The server has moved on; the page needs a fresh start.